 Dungeon Crawl Stone Soup version 0.14-a0-1773-ge500af7 (webtiles) character file.

129055 PolkaDot the Maledictor (level 16, 0/99 HPs)
             Began as a Vampire Enchanter on Jan 6, 2014.
             Was the Champion of Ashenzari.
             Slain by a five-headed hydra simulacrum (2 damage)
             ... on Level 5 of the Swamp.
             The game lasted 02:49:07 (33845 turns).

PolkaDot the Maledictor (Vampire Enchanter)        Turns: 33845, Time: 02:49:07

HP   0/99        AC 13     Str  8      XL: 16   Next: 44%
MP  25/34        EV 17     Int 20      God: Ashenzari [******]
Gold 2198        SH  0     Dex 23      Spells: 12 memorised,  1 level left

rFire  + + .     SeeInvis +     f - +6,+5 dwarf dagger (stab) (curse)
rCold  + + .     Clarity  +     g - +2 orc robe {rF+} (curse)
rNeg   + + +     Conserve +     (no shield)
rPois  +         rCorr    .     q - +2 wizard hat (curse)
rElec  .         rRot     +     a - +0 cloak (curse)
SustAb . .       Spirit   .     e - +2 pair of gloves {Dex+3} (curse)
rMut   .         Warding  .     c - +2 pair of boots (curse)
Saprov . . .     Stasis   .     t - cursed amulet of conservation
                                k - cursed ring of protection from fire
                                G - +3 ring of intelligence

@: non-regenerating, invisible, flying, very slightly contaminated, quite
resistant to hostile enchantments, uncannily stealthy
A: bottle blood, fangs 3, see invisible, agile 1, (berserk 0), (spit poison 0),
unbreathing
a: Bat Form, Bottle Blood, Scrying, Transfer Knowledge, Renounce Religion


You were on level 5 of the Swamp.
You worshipped Ashenzari.
Ashenzari was exalted by your worship.
You were bloodless.

You visited 4 branches of the dungeon, and saw 30 of its levels.
You also visited: Ossuary.

You collected 2198 gold pieces.

Inventory:

Hand weapons
 f - a cursed +6,+5 dwarven dagger of stabbing (weapon)
 i - a +1,+0 dagger of speed
Armour
 a - a cursed +0 cloak (worn)
 c - a cursed +2 pair of boots (worn)
 e - a cursed +2 pair of gloves of dexterity (worn)
 g - a cursed +2 orcish robe of fire resistance (worn)
 q - a cursed +2 wizard hat (worn)
Magical devices
 x - a wand of paralysis (2)
 H - a wand of hasting (2)
 I - a wand of paralysis (15)
Scrolls
 b - a scroll of blinking
 h - 3 scrolls of fear
 l - a scroll of remove curse
 o - a scroll of fog
 u - 3 scrolls of magic mapping
 C - 9 scrolls of teleportation
 J - a scroll of curse jewellery
 K - a scroll of identify
Jewellery
 k - a cursed ring of protection from fire (right hand)
 t - a cursed amulet of conservation (around neck)
 G - a +3 ring of intelligence (left hand)
Potions
 p - 4 potions of curing
 s - 2 potions of speed
 v - 6 potions of brilliance
 w - a potion of degeneration {unknown}
 z - 3 potions of heal wounds
 A - a potion of resistance
 B - a potion of cure mutation {!q}
 D - a potion of poison {!q}
Books
 m - a book of Spatial Translocations

   Spells                             Type                      Level
   *Apportation                       Translocation                1
   Portal Projectile                  Translocation                2
   *Blink                             Translocation                2
   Shroud of Golubria                 Charms/Translocation         2
   Teleport Other                     Translocation                3
   Passage of Golubria                Translocation                4
 n - a book of Burglary

   Spells                             Type                      Level
   *Apportation                       Translocation                1
   Swiftness                          Charms/Air                   2
   *Passwall                          Transmutation/Earth          3
   Passage of Golubria                Translocation                4
   Lee's Rapid Deconstruction         Earth                        5
   *Darkness                          Hexes                        7
 y - a book of War Chants

   Spells                             Type                      Level
   Fire Brand                         Charms/Fire                  2
   Freezing Aura                      Charms/Ice                   2
   Shroud of Golubria                 Charms/Translocation         2
   *Repel Missiles                    Charms/Air                   2
   Poison Weapon                      Charms/Poison                3
   Regeneration                       Charms/Necromancy            3
 E - a book of the Warp

   Spells                             Type                      Level
   Recall                             Summoning/Translocation      3
   Control Teleport                   Charms/Translocation         4
   Phase Shift                        Translocation                5
   Warp Weapon                        Charms/Translocation         5
   Dispersal                          Translocation                6
   Controlled Blink                   Translocation                7
   Disjunction                        Translocation                8
 F - a book of Dreams

   Spells                             Type                      Level
   *Ensorcelled Hibernation           Hexes/Ice                    2
   *Flight                            Charms/Air                   3
   Phase Shift                        Translocation                5
   Shadow Creatures                   Summoning                    5
   Mass Confusion                     Hexes                        6
   *Darkness                          Hexes                        7
Miscellaneous
 d - an ornate deck of war {Pain}
 r - an ornate deck of war {the Portal}


   Skills:
 - Level 1.1 Fighting
 - Level 8.6(13.0) Short Blades
 - Level 0.7 Throwing
 - Level 2.1(5.5) Dodging
 + Level 21.2(24.7) Stealth
 - Level 11.3 Spellcasting
 + Level 25.2(27) Hexes
 * Level 8.4(11.4) Charms
 - Level 3.0(5.6) Translocations


You had one spell level left.
You knew the following spells:

 Your Spells              Type           Power        Failure   Level  Hunger
a - Corona                Hex            #######      0%          1    None
b - Sure Blade            Hex/Chrm       ######....   0%          2    None
c - Confuse               Hex            #######.     0%          3    None
d - Ensorcelled Hibernat  Hex/Ice        ######       1%          2    None
e - Enslavement           Hex            #######.     0%          4    ##.....
f - Darkness              Hex            #######...   1%          7    #######
i - Invisibility          Hex            #######.     1%          6    ######.
p - Passwall              Trmt/Erth      ##........   17%         3    None
q - Blink                 Tloc           N/A          1%          2    None
A - Apportation           Tloc           ####......   1%          1    None
D - Repel Missiles        Chrm/Air       #####.....   1%          2    None
F - Flight                Chrm/Air       #####.....   1%          3    None


Dungeon Overview and Level Annotations

Branches:
Dungeon (16/16)            Temple (1/1) D:7             Orc (0/4) D:9
   Lair (8/8) D:11          Swamp (5/5) Lair:4       Spider (0/5) Lair:6
  Slime (0/6) Lair:8       Vaults (0/5) D:15         Depths (0/6) D:16

Altars:
Ashenzari
Cheibriados
Elyvilon
Fedhas
Kikubaaqudgha
Makhleb
Nemelex Xobeh
Okawaru
Sif Muna
Trog
Vehumet
Xom
Yredelemnul
Zin
the Shining One
Jiyva

Shops:
D:6 /   D:12 %   D:15 *

Portals:
Trove: D:14 (give +2 storm dragon armour)

Annotations:
D:16 exclusion: rakshasa
Lair:6 exclusion: oklob plant
Swamp:1 exclusion: orange crystal statue


Innate Abilities, Weirdness & Mutations

You do not heal naturally.
You can bottle blood from corpses.
You have razor-sharp teeth.*
You have supernaturally acute eyesight.
You can survive without breathing.*
You are agile. (Dex +2)
((You tend to lose your temper in combat.))+ ((You can spit poison.))+


Message History

You resist.
You hit the five-headed hydra simulacrum.
You hit the five-headed hydra simulacrum.
You bite the five-headed hydra simulacrum.
The four-headed hydra simulacrum barely misses you.
The four-headed hydra simulacrum closely misses you.
The four-headed hydra simulacrum bites you!
* * * LOW HITPOINT WARNING * * *
The four-headed hydra simulacrum freezes you!
You resist.
* * * LOW HITPOINT WARNING * * *
The four-headed hydra simulacrum closely misses you.
The five-headed hydra simulacrum closely misses you.
The five-headed hydra simulacrum bites you.
* * * LOW HITPOINT WARNING * * *
The five-headed hydra simulacrum freezes you!
You resist.
* * * LOW HITPOINT WARNING * * *
The five-headed hydra simulacrum bites you.
You die...

####### ** * *
###≈≈φ≈≈. ≈*
##≈§§§§≈###J≈
≈
#≈≈§§§§§§≈≈≈≈
, ≈
#≈.§§§§Z≈§≈Z.≈
≈ *
#≈.§§≈§§§§§§≈≈
*
#≈≈§§§§§§§§§≈≈
##§.≈≈§Z≈§≈§#
##≈%.@Z≈≈##*
*****
#..###### * ≈
≈ ##..# *≈ ≈
##..## ≈ ≈ ≈
#..## * { ≈ ,
,≈* #..# * ≈
,* , ♣ #..# **
{, * *, ,, .
#..♣# *≈≈, **
, ≈≈. ##..##
** * , ≈ *


You could see an azure jelly (wandering), an eight-headed hydra simulacrum
(wandering), a six-headed hydra simulacrum (dormant), a five-headed hydra
simulacrum and a four-headed hydra simulacrum.

Vanquished Creatures
  A ghoul (Swamp:4)
  Gastronok (D:13)
  Snorg (Swamp:4)
  4 vault guards
  2 fire dragons (D:16)
  The ghost of wojtek the Nimble, a powerful TeGl of Makhleb (Lair:3)
  Fannar (Lair:3)
  22 hydras
  An ice dragon (Swamp:5)
  Erica (Lair:5)
  An anaconda (shapeshifter) (D:16)
  4 alligators
  6 death yaks (Lair:7)
  A very ugly thing (D:16)
  6 centaur warriors
  Nergalle (D:11)
  4 skeletal warriors (D:14)
  5 unseen horrors
  7 hill giants
  A faun (shapeshifter) (D:16)
  Erolcha (D:9)
  3 swamp dragons
  Pikel (D:4)
  An orc knight (D:16)
  2 wolf spiders
  A wolf spider zombie (D:14)
  2 griffons
  4 red wasps
  7 cyclopes
  A draconian (shapeshifter) (D:14)
  5 black mambas
  21 spiny frogs
  A guardian serpent (Lair:8)
  9 elephants (Lair:7)
  A vapour (Swamp:5)
  A yaktaur (D:16)
  9 komodo dragons
  4 trolls
  2 fire drakes
  A baby alligator (shapeshifter) (D:15)
  18 blink frogs
  2 hydra skeletons
  A snapping turtle (shapeshifter) (D:16)
  16 slime creatures
  8 baby alligators
  A griffon zombie (D:15)
  2 two-headed ogres
  15 bog bodies
  2 basilisks
  6 giant leeches
  6 water elementals
  A basilisk (shapeshifter) (D:15)
  2 trapdoor spiders
  9 sharks
  8 wyverns
  3 wraiths
  A shadow (D:12)
  A griffon skeleton (D:16)
  2 elephant slugs
  17 ugly things
  24 yaks
  9 hippogriffs
  2 vampires
  A manticore (D:13)
  20 wolves
  12 hydra simulacra (Swamp:5)
  23 vampire mosquitoes
  4 necrophages
  45 swamp worms
  4 porcupines
  10 swamp drakes
  5 mottled dragons
  A soldier ant (D:16)
  5 freezing wraiths
  6 phantoms
  2 sky beasts
  3 black bears
  10 orc warriors
  5 ice beasts
  4 yellow wasps
  5 ogres
  A blink frog skeleton (D:13)
  10 giant goldfish
  21 centaurs
  18 crocodiles
  Sigmund (D:4)
  24 giant frogs
  5 big kobolds
  A lava worm (Lair:2)
  24 water moccasins
  8 giant slugs
  2 wargs
  13 agate snails
  8 insubstantial wisps (Swamp:3)
  11 jellyfish
  2 lava fish
  9 killer bees
  8 wights
  An eye of draining (D:8)
  A jelly (D:12)
  8 big fish
  15 electric eels
  4 goliath beetles
  2 quasits (D:8)
  14 crimson imps
  9 orc priests
  7 orc wizards
  8 spiders (Lair:8)
  Crazy Yiuf (D:4)
  2 giant frog skeletons
  12 hounds
  4 lava snakes (Lair:2)
  A two-headed ogre skeleton (D:13)
  A giant slug simulacrum (D:16)
  8 iguanas
  A gnoll shaman (D:5)
  8 scorpions
  5 orange rats
  23 worker ants
  A boulder beetle simulacrum (D:14)
  8 sheep (Lair:7)
  A brain worm zombie (D:15)
  An ogre skeleton (D:8)
  A boggart (D:14)
  2 human simulacra (D:10)
  The ghost of timbw the Charlatan, a weakling HuAr (D:3)
  The ghost of timbw the Charlatan, a weakling HuAr (D:5)
  A mottled dragon skeleton (D:15)
  13 mummies
  4 gnolls
  45 green rats
  28 adders
  9 giant centipedes
  5 giant mites
  An inept item mimic (D:10)
  7 worms
  2 swamp drake simulacra (Swamp:5)
  A scorpion zombie (D:11)
  An adder skeleton (D:6)
  4 grey rats (D:7)
  4 giant eyeballs
  3 oozes
  46 orcs
  38 bats
  A bat skeleton (D:8)
  A bat zombie (D:7)
  3 giant cockroaches
  2 gnoll zombies (Ossuary)
  15 hobgoblins
  40 kobolds
  7 quokkas
  10 giant geckos
  3 giant newts
  2 giant spores (D:14)
  11 goblins
  A goblin zombie (D:4)
  A hobgoblin skeleton (D:6)
  2 hobgoblin zombies
  26 jackals
  4 kobold zombies (Ossuary)
  3 orc zombies
  29 rats
  9 ballistomycetes
1168 creatures vanquished.

Vanquished Creatures (collateral kills)
  A vault guard (D:15)
  A wolf spider (Lair:8)
  A demonic crawler (Lair:6)
  A naga (D:16)
  A scorpion (Lair:6)
  3 giant mites (Lair:6)
  2 kobolds (D:15)
  A fungus (Lair:8)
11 creatures vanquished.

Vanquished Creatures (others)
  A giant amoeba (D:14)
  Grinder (D:4)
  A bog body (Swamp:5)
  A hungry ghost (Swamp:5)
  A centaur (D:13)
  3 killer bees (D:14)
  A jellyfish (Swamp:5)
  An electric eel (D:12)
  A hound (D:4)
  A jelly (D:10)
  A big fish (D:12)
  An orc (D:12)
  2 kobolds (D:12)
  A giant newt (D:4)
  3 giant spores
  A goblin (D:4)
  A rat (D:4)
  10 fungi
  A plant (Lair:3)
33 creatures vanquished.

Grand Total: 1212 creatures vanquished

Notes
Turn   | Place    | Note
--------------------------------------------------------------
     0 | D:1      | PolkaDot, the Vampire Enchanter, began the quest for the Orb.
     0 | D:1      | Reached XP level 1. HP: 13/13 MP: 3/3
   311 | D:1      | Reached XP level 2. HP: 20/20 MP: 4/4
   323 | D:1      | Reached skill level 5 in Hexes
   900 | D:1      | Reached XP level 3. HP: 22/25 MP: 4/6
  1349 | D:2      | Reached skill level 1 in Fighting
  1618 | D:2      | Reached skill level 6 in Hexes
  1803 | D:3      | Noticed timbw's ghost (weakling HuAr)
  1806 | D:3      | Reached XP level 4. HP: 32/32 MP: 7/7
  1819 | D:3      | Paralysed by a potion of paralysis for 3 turns
  1949 | D:2      | Learned a level 3 spell: Confuse
  2250 | D:3      | Killed timbw's ghost
  2733 | D:3      | Reached skill level 7 in Hexes
  3004 | D:4      | Reached XP level 5. HP: 34/37 MP: 7/9
  3118 | D:4      | Noticed Crazy Yiuf
  3132 | D:4      | Killed Crazy Yiuf
  3230 | D:4      | Noticed a slave
  3234 | D:4      | Noticed Pikel
  3234 | D:4      | Noticed a slave
  3234 | D:4      | Noticed a slave
  3234 | D:4      | Noticed a slave
  3259 | D:4      | Killed Pikel
  3259 | D:4      | Reached skill level 10 in Hexes
  3259 | D:4      | Reached XP level 6. HP: 26/43 MP: 0/10
  3259 | D:4      | Reached XP level 7. HP: 29/48 MP: 0/12
  3389 | D:4      | Found a sand-covered staircase.
  3452 | Ossuary  | Entered an ossuary
  3460 | Ossuary  | Learned a level 6 spell: Invisibility
  3489 | Ossuary  | Reached skill level 11 in Hexes
  3820 | D:4      | Killed Grinder
  3849 | D:4      | Got a slimy hand axe
  3920 | D:4      | Noticed a phantom
  4061 | D:4      | Killed a phantom
  4191 | D:4      | Noticed Sigmund
  4202 | D:4      | Killed Sigmund
  4202 | D:4      | Reached XP level 8. HP: 54/54 MP: 7/13
  4362 | D:4      | Reached skill level 12 in Hexes
  4456 | D:5      | Entered Level 5 of the Dungeon
  4457 | D:5      | Noticed timbw's ghost (weakling HuAr)
  4466 | D:5      | Killed timbw's ghost
  4924 | D:5      | Found a shimmering altar of Xom.
  5098 | D:5      | Reached skill level 13 in Hexes
  5325 | D:6      | Found Diequgg's Magical Wand Shop.
  5942 | D:6      | Reached skill level 14 in Hexes
  6267 | D:7      | Reached XP level 9. HP: 52/59 MP: 6/14
  6284 | D:7      | Found a staircase to the Ecumenical Temple.
  6291 | Temple   | Entered the Ecumenical Temple
  6300 | Temple   | Became a worshipper of Ashenzari the Shackled
  6475 | D:7      | Learned a level 2 spell: Ensorcelled Hibernation
  6518 | D:7      | Noticed a hill giant
  6529 | D:7      | Killed a hill giant
  6529 | D:7      | Reached skill level 10 in Stealth
  6601 | D:7      | Found a glowing silver altar of Zin.
  6665 | D:7      | Reached skill level 15 in Hexes
  7219 | D:8      | Paralysed by a giant eyeball for 2 turns
  7683 | D:8      | Found a blossoming altar of Fedhas.
  7693 | D:8      | Reached XP level 10. HP: 65/65 MP: 12/18
  7696 | D:8      | Reached skill level 16 in Hexes
  7778 | D:8      | Learned a level 2 spell: Sure Blade
  7923 | D:8      | Found a deep blue altar of Sif Muna.
  8135 | D:8      | Found an ancient bone altar of Kikubaaqudgha.
  8135 | D:8      | Found a radiant altar of Vehumet.
  8325 | D:8      | Found a sparkling altar of Nemelex Xobeh.
  8414 | D:8      | Found a glowing golden altar of the Shining One.
  8462 | D:9      | Found a staircase to the Orcish Mines.
  8530 | D:9      | Noticed Erolcha
  8540 | D:9      | Killed Erolcha
  8723 | D:9      | Acquired Ashenzari's first power
  8932 | D:9      | Found a white marble altar of Elyvilon.
  9332 | D:10     | Entered Level 10 of the Dungeon
  9337 | D:10     | Reached skill level 17 in Hexes
  9824 | D:10     | Noticed an unseen horror
  9981 | D:10     | Killed an unseen horror
 10363 | D:11     | Reached skill level 18 in Hexes
 10380 | D:11     | Reached XP level 11. HP: 70/70 MP: 7/21
 10545 | D:11     | Found a staircase to the Lair.
 10758 | D:11     | Noticed a five-headed hydra
 10771 | D:11     | Killed a five-headed hydra
 10833 | D:11     | Acquired Ashenzari's second power
 10987 | D:11     | Noticed Nergalle
 11098 | D:11     | Reached skill level 19 in Hexes
 11277 | D:11     | Killed Nergalle
 11370 | D:11     | Learned a level 4 spell: Enslavement
 12156 | Lair:1   | Entered Level 1 of the Lair of Beasts
 12197 | Lair:1   | Identified the cursed -2,+1 hand axe of Enaypn {distort, rC+} (You found it on level 4 of the Dungeon)
 12442 | Lair:1   | Reached skill level 20 in Hexes
 13405 | Lair:2   | Reached XP level 12. HP: 76/76 MP: 22/22
 13407 | Lair:2   | Acquired Ashenzari's third power
 13552 | Lair:2   | Reached skill level 15 in Stealth
 13879 | Lair:3   | Gained mutation: You tend to lose your temper in combat. [potion of mutation]
 13879 | Lair:3   | Gained mutation: You can spit poison. [potion of mutation]
 13879 | Lair:3   | Gained mutation: You are agile. (Dex +2) [potion of mutation]
 13939 | Lair:3   | Learned a level 1 spell: Apportation
 14198 | Lair:3   | Noticed wojtek's ghost (powerful TeGl)
 14212 | Lair:3   | Killed wojtek's ghost
 14231 | Lair:3   | Reached skill level 5 in Spellcasting
 14620 | Lair:3   | Noticed Fannar
 14659 | Lair:3   | Reached skill level 21 in Hexes
 14672 | Lair:3   | Killed Fannar
 14782 | Lair:3   | Identified a scroll of acquirement
 15198 | Lair:4   | Noticed an eight-headed hydra
 15201 | Lair:4   | Noticed an eight-headed hydra
 15215 | Lair:4   | Killed an eight-headed hydra
 15528 | Lair:4   | Killed an eight-headed hydra
 16329 | Lair:4   | Found a staircase to the Swamp.
 16426 | Lair:5   | Noticed an eight-headed hydra
 16534 | Lair:5   | Killed an eight-headed hydra
 16553 | Lair:5   | Noticed Erica
 16561 | Lair:5   | Killed Erica
 16858 | Lair:5   | Learned a level 7 spell: Darkness
 16947 | Lair:5   | Reached XP level 13. HP: 81/81 MP: 19/28
 16955 | Lair:5   | Acquired Ashenzari's fourth power
 17387 | Lair:6   | Learned a level 2 spell: Blink
 17519 | Lair:6   | Found a hole to the Spider Nest.
 18756 | Lair:7   | Reached skill level 22 in Hexes
 18935 | Lair:7   | Reached skill level 10 in Spellcasting
 19870 | Lair:8   | Entered Level 8 of the Lair of Beasts
 19870 | Lair:8   | Found a viscous altar of Jiyva.
 19870 | Lair:8   | Found a staircase to the Slime Pits.
 20345 | Lair:8   | Reached XP level 14. HP: 55/88 MP: 5/32
 22143 | Lair:7   | Learned a level 3 spell: Flight
 22147 | Lair:7   | Learned a level 3 spell: Passwall
 22708 | D:12     | Found a deep blue altar of Sif Muna.
 22971 | D:12     | Found Tounyam's Food Boutique.
 23376 | D:13     | Reached skill level 5 in Short Blades
 23385 | D:13     | Noticed Gastronok
 23409 | D:13     | Killed Gastronok
 23409 | D:13     | Reached skill level 23 in Hexes
 24709 | D:14     | Found a portal to a secret trove of treasure.
 25586 | D:15     | Entered Level 15 of the Dungeon
 25704 | D:15     | Found a gate to the Vaults.
 25968 | D:14     | Reached XP level 15. HP: 93/93 MP: 26/34
 26036 | D:14     | Identified the +10,+4 bow of Malaise {velocity, MR+ Int+1}
 26044 | D:14     | Upgraded the game from 0.14-a0-1765-g49ce880 to 0.14-a0-1773-ge500af7
 26270 | D:15     | Reached skill level 24 in Hexes
 27048 | D:15     | Found Fesufeg's Blood Bar.
 27654 | D:16     | Entered Level 16 of the Dungeon
 27991 | D:16     | Reached skill level 1 in Translocations
 28311 | D:16     | Found a staircase to the Depths.
 28795 | D:14     | Reached skill level 1 in Charms
 29218 | Swamp:1  | Entered Level 1 of the Swamp
 31182 | Swamp:3  | Reached skill level 5 in Charms
 31307 | Swamp:3  | Reached XP level 16. HP: 99/99 MP: 31/34
 31589 | Swamp:3  | Learned a level 2 spell: Repel Missiles
 32573 | Swamp:4  | Noticed Snorg
 32579 | Swamp:4  | Killed Snorg
 32737 | Swamp:4  | Reached skill level 25 in Hexes
 33409 | Swamp:5  | Entered Level 5 of the Swamp
 33417 | Swamp:5  | Identified the +4 scale mail "Hutom" {Str+3 Int+3 Acc+2}
 33845 | Swamp:5  | HP: 2/99 [five-headed hydra simulacrum (10)]
 33845 | Swamp:5  | Slain by a five-headed hydra simulacrum

Action                   |  1- 3 |  4- 6 |  7- 9 | 10-12 | 13-15 | 16-18 || total
-------------------------+-------+-------+-------+-------+-------+-------++-------
Melee: Dagger            |   133 |   218 |   478 |   641 |   857 |   140 ||  2467
 Cast: Corona            |     8 |     1 |       |     4 |     9 |       ||    22
       Confuse           |       |     9 |    47 |     8 |    51 |     6 ||   121
       Invisibility      |       |       |    11 |    26 |    43 |     9 ||    89
       Ensorcelled Hiber |       |       |    15 |   133 |   238 |    27 ||   413
       Sure Blade        |       |       |       |     3 |     5 |     7 ||    15
       Enslavement       |       |       |       |       |    13 |       ||    13
       Blink             |       |       |       |       |     8 |       ||     8
       Flight            |       |       |       |       |    11 |    15 ||    26
       Passwall          |       |       |       |       |     1 |       ||     1
       Repel Missiles    |       |       |       |       |       |     1 ||     1
Evoke: Wand              |       |       |       |     5 |     3 |     1 ||     9
  Use: Potion            |     1 |     4 |     5 |     5 |     9 |     1 ||    25
       Scroll            |       |     6 |    12 |    12 |    30 |     2 ||    62
 Stab: Sleeping          |     7 |     4 |    70 |   232 |   354 |    75 ||   742
       Confused          |       |     8 |    22 |     2 |    23 |     4 ||    59
       Invisible         |       |       |    17 |    63 |   102 |    28 ||   210
       Distracted        |       |       |     1 |     2 |     7 |     1 ||    11
       Held in net/web   |       |       |     1 |       |       |       ||     1
       Fleeing           |       |       |       |       |     1 |       ||     1
